 Dungeon Crawl Stone Soup version 0.28-a0-1429-gf3d713df7a (webtiles) character file.

Game seed: 11195590998253801518

11540 Gildeon the Spear-Bearer (level 12, -9/77 HPs)
             Began as a Formicid Fighter on Jan 7, 2022.
             Was a High Priest of Hepliaklqana.
             Mangled by a boulder beetle (50 damage)
             ... on level 12 of the Dungeon on Jan 8, 2022.
             The game lasted 00:41:07 (8119 turns).

Gildeon the Spear-Bearer (Formicid Fighter)         Turns: 8119, Time: 00:41:08

Health: -9/77      AC: 13    Str: 22    XL:     12   Next: 9%
Magic:  18/18      EV: 13    Int: 12    God:    Hepliaklqana [*****.]
Gold:   393        SH: 13    Dex: 10    Spells: 16/19 levels left

rFire   . . .      SeeInvis +   C - +1 glaive (venom)
rCold   . . .      Faith    .   B - +1 tower shield
rNeg    . . .      Spirit   .   G - +0 plate armour
rPois   .          Reflect  .   (helmet unavailable)
rElec   .          Harm     .   (no cloak)
rCorr   .          Rampage  .   a - +0 pair of gloves
Will    +....                   (no boots)
Stlth   ..........              e - amulet of regeneration
HPRegen 1.02/turn               t - +4 ring of evasion
MPRegen 0.16/turn               q - +4 ring of evasion

@: no status effects
A: reduced essence, permanent stasis, dig shafts and tunnels, antennae 3, four
strong arms
a: Dig, Shaft Self, Renounce Religion, Recall Ancestor, Ancestor Identity,
Transference, Idealise


You were on level 12 of the Dungeon.
You worshipped Hepliaklqana.
Hepliaklqana was extremely pleased with you.
You visited 1 branch of the dungeon, and saw 12 of its levels.

You collected 639 gold pieces.
You spent 246 gold pieces at shops.

Inventory:

Hand Weapons
 v - a +0 trident of flaming
 C - a +1 glaive of venom (weapon)
 F - a +1 great mace of venom
Missiles
 D - 2 throwing nets
Armour
 a - a +0 pair of gloves (worn)
 B - a +1 tower shield (worn)
 G - a +0 plate armour (worn)
Jewellery
 d - an amulet of reflection
 e - an amulet of regeneration (around neck)
 q - a +4 ring of evasion (right hand)
 r - a ring of protection from fire
 t - a +4 ring of evasion (left hand)
 J - an amulet of magic regeneration
 M - a ring of wizardry
Wands
 c - a wand of paralysis (8)
 o - a wand of polymorph (12)
 u - a wand of flame (9)
 H - a wand of digging (5)
Scrolls
 b - 2 scrolls of magic mapping
 h - a scroll of vulnerability {unknown}
 m - 2 scrolls of fear
 n - 4 scrolls of brand weapon
 p - a scroll of silence
 y - 4 scrolls of blinking
 A - a scroll of noise {unknown}
 E - a scroll of fog {unknown}
 N - a scroll of immolation {unknown}
Potions
 f - 2 potions of heal wounds
 g - a potion of cancellation
 i - a potion of resistance {unknown}
 j - 8 potions of curing
 k - a potion of berserk rage {unknown}
 l - a potion of attraction {unknown}
 s - 2 potions of mutation
 w - 2 potions of brilliance
 x - a potion of flight
 z - a potion of degeneration {unknown}
 I - a potion of lignification {unknown}
 K - a potion of experience
 L - a potion of might


   Skills:
 - Level 5.0 Fighting
 - Level 6.5 Maces & Flails
 * Level 13.1 Polearms
 - Level 5.0 Armour
 - Level 5.0 Dodging
 - Level 5.0 Shields
 + Level 4.2 Spellcasting
 + Level 0.4 Translocations
 - Level 5.0 Invocations
 - Level 5.0 Evocations


You had 16 spell levels left.
You knew the following spells:

 Your Spells              Type           Power      Damage    Failure   Level
a - Lesser Beckoning      Tloc           3%         N/A       100%        3

Your spell library contained the following spells:

 Spells                   Type           Power      Damage    Failure   Level
 Ozocubu's Armour         Ice            2%         N/A       100%        3
 Portal Projectile        Hex/Tloc       6%         N/A       100%        3
 Animate Dead             Necr           1%         N/A       100%        4
 Blade Hands              Tmut           1%         N/A       100%        5
 Borgnjor's Vile Clutch   Necr/Erth      1%         N/A       100%        5
 Excruciating Wounds      Necr           1%         N/A       100%        5
 Manifold Assault         Tloc           3%         N/A       100%        5
 Death Channel            Necr           1%         N/A       100%        6
 Ozocubu's Refrigeration  Ice            1%         4d5       100%        7
 Blink                    Tloc           Unusable   N/A       N/A         2

Dungeon Overview and Level Annotations

Branches:
Dungeon (12/15)            Temple (0/1) D:7            Lair (0/6) D:9
    Orc (0/2) D:11

Altars:
Ashenzari
Fedhas
Hepliaklqana
Kikubaaqudgha
Makhleb
Sif Muna
Vehumet

Shops:
D:4 !   D:5 *   D:11 (

Annotations:
D:9 exclusions: 4 electric eels and 2 more exclusions


Innate Abilities, Weirdness & Mutations

Your life essence is reduced to manifest your ancestor. (-10% HP)
You cannot be hasted, slowed, berserked, paralysed or teleported.
You can dig through walls and to a lower floor.
You have a pair of large antennae on your head. (SInv)
Your four strong arms can wield two-handed weapons with a shield.


Message History

Grums hits the gargoyle with a +0 quarterstaff.
The howler monkey hits you.
You slice the gargoyle!!
You destroy the gargoyle!
The howler monkey hits you but does no damage.
Grums closely misses the howler monkey.
Training target 5.0 for Invocations reached!
Your Invocations skill increases to level 5!
You block the howler monkey's attack.
Grums closely misses the howler monkey.
You see here a +0 mace.
You slice the howler monkey!!
You kill the howler monkey!
A komodo dragon comes into view.
You see here 18 gold pieces.
You now have 393 gold pieces (gained 18).
Found 13 gold pieces.
Found a stone staircase leading up.
The komodo dragon bites you!!
You barely miss the komodo dragon.
Grums points at the komodo dragon and mumbles some strange words.
The puff of frost hits the komodo dragon.
The komodo dragon bites you!!
You barely miss the komodo dragon.
The komodo dragon is lightly wounded.
You block the komodo dragon's attack.
Grums gestures at the komodo dragon while chanting.
The stone arrow hits the komodo dragon!
The komodo dragon bites Grums!
You catch the helpless komodo dragon completely off-guard!
You slash the komodo dragon!
The komodo dragon is poisoned.
The komodo dragon is severely wounded.
Grums barely misses the komodo dragon.
The komodo dragon bites you.
You barely miss the komodo dragon.
The komodo dragon is almost dead.
A boulder beetle comes into view.
Grums completely misses the komodo dragon.
The komodo dragon barely misses you.
You slash the komodo dragon!
You kill the komodo dragon!
The boulder beetle hits you!!!
Ouch! That really hurt!
You die...

#.........
#.........
#########.)#######
...........#
...........#
#........#
#........#
#...R....#
#...B@...#
.....○.........
....°..........
...°..#######.<
..°... .. ..$...
...... .....


You could see the friendly Grums the battlemage and a boulder beetle (rolling).

Vanquished Creatures
  A boulder beetle (D:12)
  A two-headed ogre (D:11)
  Sonja (D:10)
  A cyclops (D:11)
  2 gargoyles (D:12)
  A komodo dragon (D:12)
  A hornet (D:8)
  3 yaks
  An acid dragon (D:10)
  3 orc warriors
  An ice beast (D:4)
  A sky beast (D:6)
  A necrophage (D:8)
  3 ogres
  A black bear (D:4)
  A wolf (D:9)
  2 centaurs
  2 phantoms
  A kobold brigand (D:6)
  A scorpion (D:5)
  Dowan (D:5)
  2 water moccasin zombies
  A wyvern skeleton (D:5)
  2 killer bees (D:9)
  2 wights (D:8)
  A vampire bat (D:3)
  A howler monkey (D:12)
  A centaur zombie (D:9)
  3 orc priests
  5 hounds
  A jelly (D:5)
  A gnoll shaman (D:7)
  4 iguanas
  2 orc wizards
  A killer bee zombie (D:7)
  3 hound skeletons
  7 gnolls
  4 adders
  2 shadow imps (D:6)
  2 white imps (D:7)
  A worm (D:4)
  2 dart slugs (D:2)
  3 fire bats (D:3)
  27 orcs
  2 spectral bats (D:3)
  18 bats
  3 bat skeletons (D:3)
  A bat zombie (D:3)
  8 endoplasms
  2 giant cockroaches
  3 goblins
  9 hobgoblins
  3 jackals (D:3)
  6 quokkas
  12 ball pythons
  A bat simulacrum (D:3)
  8 frilled lizards
  11 kobolds
  5 rats
200 creatures vanquished.

Vanquished Creatures (collateral kills)
  2 two-headed ogres
  An ugly thing (D:11)
  Joseph (D:8)
  2 trolls (D:11)
  2 shadows
  A wraith (D:11)
  A wyvern (D:10)
  5 yaks
  Duvessa (D:5)
  A hornet zombie (D:7)
  2 orc warriors
  3 centaurs
  A phantom (D:6)
  A wyvern zombie (D:6)
  A scorpion (D:7)
  A water moccasin skeleton (D:6)
  2 wights (D:8)
  3 killer bees (D:9)
  2 electric eels (D:9)
  An orc priest (D:6)
  A hound (D:9)
  3 iguanas
  A centaur skeleton (D:7)
  A gnoll shaman (D:6)
  4 orc wizards
  A howler monkey zombie (D:6)
  5 gnolls
  A white imp (D:7)
  15 orcs
  3 kobolds
69 creatures vanquished.

Vanquished Creatures (others)
  4 battlemagi
  A kobold (D:7)
  19 plants
24 creatures vanquished.

Grand Total: 293 creatures vanquished

Notes
Turn   | Place    | Note
-------+----------+-------------------------------------------
     0 | D:1      | Gildeon the Formicid Fighter began the quest for the Orb.
     0 | D:1      | Reached XP level 1. HP: 18/18 MP: 1/1
    32 | D:1      | Found a faded altar of an unknown god.
   104 | D:1      | Reached XP level 2. HP: 24/24 MP: 2/2
   146 | D:1      | Reached skill level 3 in Polearms
   277 | D:1      | Reached XP level 3. HP: 29/29 MP: 3/3
  1060 | D:2      | Reached skill level 4 in Polearms
  1060 | D:2      | Reached XP level 4. HP: 34/35 MP: 4/4
  1342 | D:2      | Found a blossoming altar of Fedhas.
  1354 | D:2      | You fall into a shaft and drop 2 floors!
  1359 | D:4      | Noticed an ogre
  1364 | D:4      | Killed an ogre
  1365 | D:4      | Reached skill level 5 in Polearms
  1365 | D:4      | Reached XP level 5. HP: 11/41 MP: 5/5
  1505 | D:3      | Reached XP level 6. HP: 47/47 MP: 6/6
  1788 | D:3      | Reached skill level 6 in Polearms
  1799 | D:3      | Found a broken altar of Ashenzari.
  1804 | D:3      | Found a hazy altar of Hepliaklqana.
  1809 | D:3      | Became a worshipper of Hepliaklqana the Forgotten
  2213 | D:4      | Reached skill level 7 in Polearms
  2213 | D:4      | Reached XP level 7. HP: 52/52 MP: 7/7
  2470 | D:4      | Reached skill level 8 in Polearms
  2509 | D:4      | Found Sozul's Distillery.
  2515 | D:4      | Bought a potion of curing for 42 gold pieces
  2515 | D:4      | Bought a potion of flight for 42 gold pieces
  2515 | D:4      | Bought a potion of curing for 42 gold pieces
  2531 | D:4      | Reached * piety under Hepliaklqana
  2754 | D:5      | Entered Level 5 of the Dungeon
  2771 | D:5      | Reached XP level 8. HP: 50/52 MP: 8/8
  2900 | D:5      | Reached skill level 9 in Polearms
  2969 | D:5      | Noticed Duvessa
  2969 | D:5      | Noticed Dowan
  2979 | D:5      | Killed Duvessa
  2992 | D:5      | Killed Dowan
  2993 | D:5      | Reached skill level 10 in Polearms
  2999 | D:5      | Upgraded the game from 0.28-a0-1415-g7c84da036a to
                  | 0.28-a0-1429-gf3d713df7a
  3268 | D:5      | Found Runek's Mass Market.
  3550 | D:6      | Reached XP level 9. HP: 52/58 MP: 9/9
  3871 | D:6      | Reached ** piety under Hepliaklqana
  3872 | D:6      | Remembered your ancestor Grums as a battlemage
  3888 | D:6      | Found a burning altar of Makhleb.
  3986 | D:5      | Bought a +0 tower shield for 49 gold pieces
  4379 | D:6      | Found a shimmering blue altar of Sif Muna.
  4474 | D:7      | Found a staircase to the Ecumenical Temple.
  4485 | D:6      | Reached skill level 5 in Fighting
  4485 | D:6      | Reached skill level 11 in Polearms
  4485 | D:6      | Reached skill level 5 in Armour
  4531 | D:7      | Reached skill level 1 in Dodging
  4791 | D:5      | Bought a +0 great mace for 71 gold pieces
  4885 | D:7      | Reached skill level 1 in Maces & Flails
  4942 | D:7      | Found a radiant altar of Vehumet.
  4942 | D:7      | Found an ancient bone altar of Kikubaaqudgha.
  5061 | D:7      | Reached skill level 5 in Shields
  5061 | D:7      | Reached XP level 10. HP: 54/66 MP: 10/10
  5240 | D:7      | Noticed a two-headed ogre
  5244 | D:7      | Killed a two-headed ogre
  5258 | D:7      | Noticed a seven-headed hydra
  5469 | D:8      | Noticed Joseph
  5477 | D:8      | Killed Joseph
  5480 | D:8      | Reached skill level 5 in Maces & Flails
  5489 | D:8      | Learned a level 3 spell: Lesser Beckoning
  5560 | D:8      | Reached *** piety under Hepliaklqana
  6071 | D:9      | Found a staircase to the Lair.
  6419 | D:9      | Reached **** piety under Hepliaklqana
  6818 | D:10     | Entered Level 10 of the Dungeon
  6997 | D:10     | Reached XP level 11. HP: 55/71 MP: 11/11
  7049 | D:10     | Noticed Sonja
  7058 | D:10     | Killed Sonja
  7059 | D:10     | Reached skill level 5 in Dodging
  7059 | D:10     | Reached skill level 5 in Evocations
  7209 | D:10     | Reached skill level 1 in Invocations
  7228 | D:10     | Reached skill level 1 in Spellcasting
  7361 | D:11     | Noticed a green ugly thing
  7373 | D:11     | Killed a green ugly thing
  7374 | D:11     | Reached skill level 12 in Polearms
  7402 | D:11     | Noticed a two-headed ogre
  7410 | D:11     | Killed a two-headed ogre
  7470 | D:11     | Reached ***** piety under Hepliaklqana
  7496 | D:11     | Found Gomop's Weapon Boutique.
  7574 | D:11     | Noticed a cyclops
  7580 | D:11     | Killed a cyclops
  7594 | D:11     | Noticed a two-headed ogre
  7599 | D:11     | Killed a two-headed ogre
  7742 | D:11     | Found a staircase to the Orcish Mines.
  8004 | D:12     | Noticed a boulder beetle
  8015 | D:12     | Killed a boulder beetle
  8023 | D:12     | Reached skill level 13 in Polearms
  8023 | D:12     | Reached XP level 12. HP: 59/77 MP: 16/18
  8104 | D:12     | Reached skill level 5 in Invocations
  8117 | D:12     | Noticed a boulder beetle
  8119 | D:12     | Mangled by a boulder beetle

Illustrated notes

Levels and vault maps discovered:
D:1:      shiori_shiawase, layout_loops_ring, ebering_ecumenical_altar_box
D:2:      cheibrodos_old_hovel, layout_basic, basic_altar
D:3:      layout_rooms, chequers_temple_overflow_statue_of_worship,
          chequers_serial_rivers_small_b, nrook_campfire, goddamned_bats
D:4:      layout_cave_pools, serial_shops, nicolae_shop_crystal, dk_vineyard_3,
          minmay_curled_crystal
D:5:      layout_basic, minmay_shop_mass, uniq_duvessa
D:6:      layout_loops_ring, led_sif_book, lemuel_tele_altar, minmay_lizard_king
D:7:      minmay_chambers_of_sevens, layout_basic,
          amethyst_overflow_temple_binary, minmay_temple_entry_sparse_star
D:8:      layout_cave_pods, serial_bayou_crossing, uniq_joseph
D:9:      layout_gridville, erik_lair_island, serial_bayou_lagoon_a
D:10:     layout_cross, kennysheep_generic_room_7, uniq_sonja
D:11:     layout_cave_pools, hiddenorc2_lemuel, serial_shops,
          nicolae_shop_bloodbath_and_beyond
D:12:     layout_small_grid, nicolae_benzene_ring

Skill      XL: |  1  2  3  4  5  6  7  8  9 10 11 12 |
---------------+-------------------------------------+-----
Polearms       | 3 4 5 7 8 10 11 13 | 13.1
Fighting       | 5 |  5.0
Armour         | 5 |  5.0
Dodging        | 2 4 5 |  5.0
Shields        | 5 |  5.0
Maces & Flails | 1 6 |  6.5
Evocations     | 4 5 |  5.0
Invocations    | 4 5 |  5.0
Spellcasting   | 4 |  4.2
Translocations | |  0.4

Action                   |  1- 3 |  4- 6 |  7- 9 | 10-12 || total
-------------------------+-------+-------+-------+-------++-------
Melee: Trident           |    58 |       |   209 |     6 ||   273
       Spear             |    42 |   171 |    45 |       ||   258
       Great mace        |       |       |    11 |    55 ||    66
       Glaive            |       |       |       |   114 ||   114
Invok: Ancestor Identity |       |       |     1 |       ||     1
       Ancestor Life: Ba |       |       |     1 |       ||     1
Evoke: Wand              |       |       |       |     7 ||     7
  Use: Potion            |       |     1 |       |       ||     1
       Scroll            |       |     1 |     9 |     5 ||    15
 Stab: Distracted        |       |       |     2 |     1 ||     3
       Paralysed         |       |       |       |     2 ||     2
Armor: Scale mail        |    40 |    74 |    55 |       ||   169
       Plate armour      |       |       |     1 |    58 ||    59
Dodge: Dodged            |    35 |   163 |   170 |   100 ||   468
Block: Buckler           |    19 |    33 |    30 |       ||    82
       Tower shield      |       |       |    75 |   146 ||   221

Table legend: (Time is in decaauts)
 A = Elapsed time spent in this place.
 B = Non-inter-level travel time spent in this place.
 C = Inter-level travel time spent in this place.
 D = Time resting spent in this place.
 E = Time spent auto-exploring this place.
 F = Levels seen in this place.
 G = Mean time per level.
                   A        B        C        D        E       F      G
               +--------+--------+--------+--------+--------+-----+--------+
         Total |   8179 |   7664 |    515 |     76 |   5476 |  12 |  681.6 |
       Dungeon |   8179 |   7664 |    515 |     76 |   5476 |  12 |  681.6 |
               +--------+--------+--------+--------+--------+-----+--------+

Top non-repeatable levels by time:
     D:6: 1046 daAuts
     D:9: 890 daAuts
     D:1: 861 daAuts
     D:5: 792 daAuts
     D:7: 699 daAuts
     D:8: 685 daAuts
    D:11: 675 daAuts
     D:4: 656 daAuts
     D:2: 653 daAuts
     D:3: 547 daAuts
    D:10: 536 daAuts
    D:12: 133 daAuts
